 Dungeon Crawl Stone Soup version 0.27-a0-1186-g8b4daa1eef (webtiles) character file.

Game seed: 12856137398349168629

573 bjtr the Magician (level 7, -1/42 HPs)
             Began as a Gargoyle Hedge Wizard on May 20, 2021.
             Was an Initiate of Vehumet.
             Slain by an orc
             ... wielding a +0 trident
              (4 damage)
             ... on level 4 of the Dungeon.
             The game lasted 00:27:51 (6531 turns).

bjtr the Magician (Gargoyle Hedge Wizard)           Turns: 6531, Time: 00:27:51

Health: -1/42      AC:  8    Str: 13    XL:     7   Next: 34%
Magic:  11/13      EV: 11    Int: 17    God:    Vehumet [......]
Gold:   92         SH:  0    Dex:  9    Spells: 6/14 levels left

rFire    . . .     SeeInvis .   a - +0 long sword
rCold    . . .     Faith    .   (no shield)
rNeg     + . .     Spirit   .   e - +0 leather armour
rPois    ∞         Reflect  .   c - +0 hat
rElec    +         Harm     .   (no cloak)
rCorr    .         Rampage  .   (no gloves)
Will     .....                  (no boots)
Stlth    ++........             m - amulet of the acrobat
HPRegen  0.14/turn              o - +4 ring of slaying
MPRegen  0.13/turn              (no ring)

@: very slightly contaminated
A: sickness immunity, AC +4, negative energy resistance 1, electricity
resistance, torment resistance 1, petrification resistance
a: Renounce Religion


You were on level 4 of the Dungeon.
You worshipped Vehumet.
Vehumet was noncommittal.
You visited 2 branches of the dungeon, and saw 5 of its levels.

You collected 92 gold pieces.

Inventory:

Hand Weapons
 a - a +0 long sword (weapon)
 b - a +0 hand crossbow
 g - a +0 short sword
 i - a +2 vampiric spear
 n - a +0 flail
 p - a +3 halberd
 q - a +0 hand axe
 u - a +0 short sword of holy wrath
Missiles
 j - 197 stones
 s - 13 bolts
 t - 21 poisoned darts
Armour
 c - a +0 hat (worn)
 e - a +0 leather armour (worn)
 v - a +0 kite shield
Jewellery
 m - an amulet of the acrobat (around neck)
 o - a +4 ring of slaying (left hand)
Scrolls
 d - 2 scrolls of fear
 f - 2 scrolls of identify {unknown}
 h - 2 scrolls of enchant weapon {unknown}
 k - a scroll of noise {unknown}
 l - a scroll of blinking {unknown}
 r - a scroll of fog {unknown}
 w - a scroll of magic mapping {unknown}


   Skills:
 * Level 3.9 Fighting
 * Level 3.9 Armour
 + Level 2.2 Dodging
 + Level 3.7 Stealth
 + Level 4.2 Spellcasting
 + Level 1.6 Conjurations
 + Level 1.9 Summonings
 + Level 1.0 Translocations
 + Level 0.2 Air Magic


You had 6 spell levels left.
You knew the following spells:

 Your Spells              Type           Power      Damage    Failure   Level
a - Magic Dart            Conj           36%        1d4       10%         1
b - Blink                 Tloc           N/A        N/A       19%         2
c - Call Imp              Summ           10%        N/A       13%         2
d - Mephitic Cloud        Conj/Pois/Air  5%         N/A       41%         3

Your spell library contained the following spells:

 Spells                   Type           Power      Damage    Failure   Level
 Slow                     Hex            3%         N/A       28%         2
 Conjure Flame            Conj/Fire      6%         6-21      38%         3


Dungeon Overview and Level Annotations

Branches:
Dungeon (4/15)             Temple (1/1) D:4

Altars:
Ashenzari
Cheibriados
Dithmenos
Elyvilon
Fedhas
Gozag
Kikubaaqudgha
Makhleb
Nemelex Xobeh
Okawaru
Ru
Sif Muna
Uskayaw
Vehumet
Wu Jian
Xom
Yredelemnul
Zin


Innate Abilities, Weirdness & Mutations

You are immune to sickness and miasma.
Your stone body is resilient. (AC +4)
You are immune to poison.
You resist negative energy. (rN+)
You are resistant to electric shocks. (rElec)
You are resistant to unholy torment.
You are immune to petrification.


Message History

The orc misses you.
An orc comes into view. It is wielding a +0 club.
Unknown command.
Unknown command.
You hit the orc.
You kill the orc!
Vehumet accepts your kill.
The orc priest looks satisfied for a moment.
Unknown command.
You hit the orc but do no damage. The orc hits you but does no damage.
The orc hits you with a +0 mace.
Unknown command.
You hit the orc.
The orc is severely wounded.
The orc hits you with a +0 mace.
Unknown command.
You slash the orc!
You kill the orc!
Vehumet accepts your kill.
Unknown command.
You hit the orc.
The orc is almost dead.
The orc hits you with a +2 mace of protection.
The orc barely misses you.
Unknown command.
You barely miss the orc.
The orc is almost dead.
The orc hits you with a +2 mace of protection.
Unknown command.
Casting: Call Imp (safe; 13% risk of failure)
Confirm with . or Enter, or press ? or * to list all spells.
You miscast Call Imp.
You are very lightly contaminated with residual magic.
Nothing appears to happen.
The orc priest calls down the wrath of Beogh upon you.
Beogh smites you!
* * * LOW HITPOINT WARNING * * *
The orc hits you but does no damage.
The orc hits you from afar with a +0 trident.
You die...

#........ ....#
###...... ....
##....# ....
##.### #.. #..
## #.# ###. #.#
#... #@# #>..
######o## #...
......ooo####
#...
#.....o.....##
#...
#####........###
#...
##.:.........#
#...
#.......####.#
##.. #....###.#
#.# #.. #....
##.# #.# ###..


You could see 2 orc priests and 3 orcs.

Vanquished Creatures
  A kobold brigand (D:4)
  A bullfrog (D:4)
  A gnoll shaman (D:4)
  An orc priest (D:4)
  6 gnolls
  3 adders
  An adder skeleton (D:4)
  A worm (D:3)
  8 orcs
  3 bats
  3 endoplasms
  2 giant cockroaches
  5 goblins
  2 hobgoblins
  9 jackals
  5 quokkas
  3 ball pythons
  2 frilled lizards
  20 kobolds
  4 rats
81 creatures vanquished.

Vanquished Creatures (collateral kills)
  Grinder (D:4)
  A hound (D:2)
  2 adders (D:2)
  2 gnolls
  A worm (D:2)
  A giant cockroach (D:4)
  A jackal (D:1)
  6 kobolds (D:4)
15 creatures vanquished.

Vanquished Creatures (others)
  44 plants (D:4)
44 creatures vanquished.

Grand Total: 140 creatures vanquished

Notes
Turn   | Place    | Note
-------+----------+-------------------------------------------
     0 | D:1      | bjtr the Gargoyle Hedge Wizard began the quest for the Orb.
     0 | D:1      | Reached XP level 1. HP: 10/10 MP: 4/4
   278 | D:1      | Reached XP level 2. HP: 16/16 MP: 4/6
   281 | D:1      | Learned a level 2 spell: Blink
   284 | D:1      | Learned a level 2 spell: Call Imp
   627 | D:1      | Found a faded altar of an unknown god.
  1278 | D:2      | Reached skill level 1 in Fighting
  1413 | D:2      | Reached XP level 3. HP: 20/20 MP: 1/7
  2084 | D:2      | Reached skill level 1 in Armour
  2699 | D:2      | Reached XP level 4. HP: 25/25 MP: 4/9
  2947 | D:2      | Reached skill level 1 in Summonings
  3482 | D:3      | Found a hide-covered altar of Uskayaw.
  3482 | D:3      | Found an ornate altar of the Wu Jian Council.
  3818 | D:3      | Found a shimmering blue altar of Sif Muna.
  4149 | D:3      | Reached XP level 5. HP: 19/30 MP: 2/10
  4443 | D:3      | Reached skill level 1 in Translocations
  4490 | D:3      | Learned a level 3 spell: Mephitic Cloud
  4817 | D:4      | Noticed a kobold brigand
  4833 | D:4      | Killed a kobold brigand
  4834 | D:4      | Reached skill level 4 in Spellcasting
  4834 | D:4      | Reached XP level 6. HP: 36/36 MP: 5/12
  5351 | D:4      | Noticed Grinder
  5355 | D:4      | Paralysed by Grinder for 6 turns
  5363 | D:4      | HP: 1/36 [orc/+0 club (4)]
  5686 | D:4      | Found a sparkling altar of Nemelex Xobeh.
  5729 | D:4      | Found a staircase to the Ecumenical Temple.
  5738 | Temple   | Entered the Ecumenical Temple
  5759 | Temple   | Became a worshipper of Vehumet
  5896 | D:4      | Paralysed by Grinder for 3 turns
  5912 | D:4      | Paralysed by Grinder for 7 turns
  5917 | D:4      | Killed Grinder
  5918 | D:4      | Reached XP level 7. HP: 22/42 MP: 10/13
  6490 | D:4      | Found a white marble altar of Elyvilon.
  6505 | D:4      | Paralysed by an orc for 6 turns
  6531 | D:4      | Slain by an orc

Illustrated notes

Levels and vault maps discovered:
D:1:      heliophobic_arrival_glass_houses, layout_basic,
          ebering_ecumenical_altar_mist, serial_bayou_lagoon_b
D:2:      layout_basic
D:3:      layout_basic, lemuel_blue_sif_altar,
          chequers_temple_overflow_statue_of_worship, minmay_misc_feat_roman
D:4:      kennysheep_kobold_camp, layout_cave_pods,
          nicolae_overflow_crystal_walls, nemelex_dance_club_becter,
          gammafunk_temple_overflow_forgotten, minmay_temple_entry_arrows,
          uniq_grinder
Temple:   dshaligram_water_room_temple

Skill      XL: |  1  2  3  4  5  6 |
---------------+-------------------+-----
Fighting       | 1 2 3 |  3.9
Armour         | 1 2 3 |  3.9
Summonings     | 1 |  1.9
Translocations | 1 |  1.0
Stealth        | 3 |  3.7
Dodging        | 2 |  2.2
Spellcasting   | 4 |  4.2
Conjurations   | |  1.6
Air Magic      | |  0.2

Action                   |  1- 3 |  4- 6 |  7- 9 || total
-------------------------+-------+-------+-------++-------
Melee: Dagger            |     5 |       |       ||     5
       Short sword       |    46 |    35 |       ||    81
       Long sword        |       |    65 |    25 ||    90
 Fire: Hand crossbow     |       |    12 |       ||    12
 Cast: Magic Dart        |    50 |    23 |       ||    73
       Call Imp          |     7 |    13 |     9 ||    29
       Blink             |     1 |     1 |       ||     2
       Mephitic Cloud    |       |     1 |     2 ||     3
  Use: Potion            |       |     3 |       ||     3
       Scroll            |       |     1 |       ||     1
 Stab: Sleeping          |     1 |     6 |       ||     7
Armor: Robe              |     2 |       |       ||     2
       Leather armour    |    30 |    53 |    13 ||    96
Dodge: Dodged            |    29 |    89 |    21 ||   139
       Rpst.: Long sword |       |    18 |     9 ||    27

Table legend: (Time is in decaauts)
 A = Elapsed time spent in this place.
 B = Non-inter-level travel time spent in this place.
 C = Inter-level travel time spent in this place.
 D = Time resting spent in this place.
 E = Time spent auto-exploring this place.
 F = Levels seen in this place.
 G = Mean time per level.
                   A        B        C        D        E       F      G
               +--------+--------+--------+--------+--------+-----+--------+
         Total |   6583 |   6355 |    228 |   1738 |   3536 |   5 | 1316.6 |
       Dungeon |   6456 |   6246 |    210 |   1738 |   3436 |   4 | 1614.0 |
        Temple |    126 |    108 |     18 |      0 |    100 |   1 |  126.0 |
               +--------+--------+--------+--------+--------+-----+--------+

Top non-repeatable levels by time:
     D:2: 2245 daAuts
     D:4: 1868 daAuts
     D:3: 1241 daAuts
     D:1: 1101 daAuts
  Temple: 126 daAuts
